 Dungeon Crawl Stone Soup version 0.26-a0-937-g67df3f2acb (webtiles) character file.

Game seed: 14448474161971076709

678 Favre the Digger (level 7, 0/36 HPs)
             Began as a Gargoyle Earth Elementalist on Nov 27, 2020.
             Slain by an orc warrior
             ... wielding a +0 battleaxe
              (18 damage)
             ... in the Ecumenical Temple.
             The game lasted 00:11:28 (5552 turns).

Favre the Digger (Gargoyle Earth Elementalist)      Turns: 5552, Time: 00:11:29

Health: 0/36       AC:  6    Str: 11    XL:     7   Next: 60%
Magic:  8/14       EV: 12    Int: 18    God:
Gold:   238        SH:  0    Dex: 10    Spells: 6/15 levels left

rFire    + . .     SeeInvis .   q - +2 flail (holy)
rCold    . . .     Faith    .   (no shield)
rNeg     + . .     Spirit   .   c - +0 robe
rPois    ∞         Reflect  .   (no helmet)
rElec    +         Harm     .   (no cloak)
rCorr    .         Rampage  .   (no gloves)
MR       .....                  (no boots)
Stlth    ++........             (no amulet)
HPRegen  0.12/turn              i - ring of wizardry
MPRegen  0.14/turn              f - ring of protection from fire

@: no status effects
A: negative energy resistance 1, electricity resistance, unbreathing,
petrification resistance, rot immunity, AC +4
a: no special abilities


You were in the Ecumenical Temple.
You visited 2 branches of the dungeon, and saw 6 of its levels.

You collected 238 gold pieces.

Inventory:

Hand Weapons
 l - the +3 long sword "Gaplatwo" {protect, MR+ Dex+2, unknown}
   (You found it on level 5 of the Dungeon)

   It grants its wielder temporary protection when it strikes (+7 to AC).
   It affects your dexterity (+2).
   It affects your resistance to hostile enchantments.
 q - a +2 flail of holy wrath (weapon)
Missiles
 b - 144 stones (quivered)
 h - a throwing net
Armour
 c - a +0 robe (worn)
 m - a scarf of resistance
Jewellery
 f - a ring of protection from fire (right hand)
 i - a ring of wizardry (left hand)
Wands
 r - a wand of iceblast (9)
Scrolls
 d - a scroll of teleportation
 e - a scroll of remove curse
 k - a scroll of magic mapping
Potions
 g - a potion of brilliance
 j - 2 potions of invisibility
 n - a potion of berserk rage


   Skills:
 - Level 1.5 Dodging
 - Level 2.1 Stealth
 + Level 4.7 Spellcasting
 + Level 4.5 Conjurations
 - Level 0.7 Transmutations
 + Level 6.8 Earth Magic


You had 6 spell levels left.
You knew the following spells:

 Your Spells              Type           Power        Failure   Level
a - Sandblast             Erth           ####..       1%          1
b - Stone Arrow           Conj/Erth      ###...       1%          3
c - Lee's Rapid Deconstr  Erth           ####......   9%          5

Your spell library contained the following spells:

 Spells                   Type           Power        Failure   Level
 Passwall                 Tmut/Erth      ###.....     1%          2
 Petrify                  Tmut/Erth      ###.....     12%         4


Dungeon Overview and Level Annotations

Branches:
Dungeon (5/15)             Temple (1/1) D:5

Altars:
Okawaru
Uskayaw

Annotations:
D:3 2 transporters, Trueduck's ghost, amateur NaVM
D:5 Grinder


Innate Abilities, Weirdness & Mutations

You are resistant to torment.
Your stone body is resilient. (AC +4)
You are immune to poison.
You resist negative energy. (rN+)
You are resistant to electric shocks. (rElec)
You can survive without breathing.
You are immune to petrification.
You are immune to rotting.


Message History

Aiming: Sandblast (safe; 1% risk of failure)
Press: ? - help, Shift-Dir - straight line, f/p - orc warrior
Aim: an orc warrior, wielding a +0 battleaxe and wearing a +0 plate armour (moderately wounded, 19% to evade)
The blast of sand hits the orc warrior but does no damage.
The orc warrior is moderately wounded.
b - 145 stones
Casting: Sandblast (safe; 1% risk of failure)
Confirm with . or Enter, or press ? or * to list all spells.
Aiming: Sandblast (safe; 1% risk of failure)
Press: ? - help, Shift-Dir - straight line, f/p - orc warrior
Aim: an orc warrior, wielding a +0 battleaxe and wearing a +0 plate armour (moderately wounded, 19% to evade)
The blast of sand hits the orc warrior.
The orc warrior is heavily wounded.
b - 144 stones The orc warrior hits you with a +0 battleaxe.
* * * LOW HITPOINT WARNING * * *
You feel better.
The orc warrior hits you with a +0 battleaxe!!
Ouch! That really hurt!
You die...

..# #..
..#..
.....
... ...
##.##
##...##
#..@..#
##o..##
##.##
... ...
.....
..#..
..# #..


You could see an orc warrior.

Vanquished Creatures
  A bullfrog (D:4)
  A howler monkey (D:4)
  A hound (D:3)
  5 orc priests
  4 orc wizards
  3 worker ants (D:4)
  3 gnolls (D:4)
  7 adders
  2 oozes
  An adder skeleton (D:4)
  3 dart slugs
  2 leopard geckos
  21 orcs
  9 bats
  4 giant cockroaches
  12 goblins
  5 hobgoblins
  2 jackals (D:4)
  9 kobolds
  2 quokkas
  A ball python (D:1)
  2 frilled lizards
  10 rats
110 creatures vanquished.

Vanquished Creatures (others)
  6 plants (D:3)
6 creatures vanquished.

Grand Total: 116 creatures vanquished

Notes
Turn   | Place    | Note
-------+----------+-------------------------------------------
     0 | D:1      | Favre the Gargoyle Earth Elementalist began the quest for
                  | the Orb.
     0 | D:1      | Reached XP level 1. HP: 10/10 MP: 3/3
    72 | D:1      | Reached skill level 4 in Earth Magic
    72 | D:1      | Reached XP level 2. HP: 13/15 MP: 0/5
   941 | D:1      | Reached XP level 3. HP: 15/19 MP: 6/6
   945 | D:1      | Learned a level 3 spell: Stone Arrow
  1524 | D:2      | Found a hide-covered altar of Uskayaw.
  1570 | D:2      | Reached skill level 1 in Conjurations
  1680 | D:2      | Reached XP level 4. HP: 24/24 MP: 5/8
  1700 | D:2      | Reached skill level 5 in Earth Magic
  1863 | D:2      | Reached XP level 5. HP: 28/28 MP: 7/9
  2022 | D:2      | Learned a level 5 spell: Lee's Rapid Deconstruction
  2784 | D:3      | You fall into a shaft and drop 1 floor!
  2846 | D:4      | Reached XP level 6. HP: 18/32 MP: 11/11
  3259 | D:3      | Found a transporter.
  3283 | D:3      | Noticed Trueduck's ghost (amateur NaVM)
  3286 | D:3      | Identified the cursed +0 buckler of Peser {rF+++ rC- rCorr}
  3377 | D:3      | Found a transporter.
  4081 | D:4      | Found an iron altar of Okawaru.
  4099 | D:4      | Reached skill level 6 in Earth Magic
  4510 | D:4      | Reached XP level 7. HP: 11/36 MP: 7/13
  5440 | D:5      | Entered Level 5 of the Dungeon
  5530 | D:5      | Found a staircase to the Ecumenical Temple.
  5536 | D:5      | Got a bloodstained long sword
  5538 | D:5      | Noticed Grinder
  5545 | Temple   | Entered the Ecumenical Temple
  5552 | Temple   | Slain by an orc warrior

Illustrated notes

Levels and vault maps discovered:
D:1:      dpeg_arrival_tiny_i, layout_basic, minmay_misc_feat_tower, st_stairs_4
D:2:      cheibrodos_pilgrimage, layout_basic, eat_drink_and_be_merry_uskayaw
D:3:      layout_loops_ring, gammafunk_ghost_gnarly_gnolls, grunt_ministairs_10
D:4:      layout_gridville, lemuel_crystal_altar
D:5:      layout_loops_ring, kennysheep_mini_moat,
          gammafunk_temple_overflow_wave, minmay_temple_entry_arrows,
          uniq_grinder
Temple:   eino_temple_scatter_basement

Skill      XL: |  1  2  3  4  5  6  7 |
---------------+----------------------+-----
Earth Magic    | 4 5 6 |  6.8
Conjurations   | 1 2 3 4 |  4.5
Spellcasting   | 3 4 |  4.7
Dodging        | |  1.5
Stealth        | |  2.1
Transmutations | |  0.7

Action                   |  1- 3 |  4- 6 |  7- 9 || total
-------------------------+-------+-------+-------++-------
Melee: Club              |    61 |       |       ||    61
       Unarmed           |     2 |       |       ||     2
       Mace              |    29 |       |       ||    29
       Flail             |       |   184 |    38 ||   222
 Cast: Sandblast         |    15 |    28 |    27 ||    70
       Stone Arrow       |       |     2 |     1 ||     3
  Use: Scroll            |       |    12 |       ||    12
       Potion            |       |       |     1 ||     1
 Stab: Sleeping          |     2 |     2 |       ||     4
       Distracted        |       |       |     1 ||     1
Armor: Robe              |    38 |    87 |    19 ||   144
Dodge: Dodged            |    73 |   184 |    34 ||   291

Table legend: (Time is in decaauts)
 A = Elapsed time spent in this place.
 B = Non-inter-level travel time spent in this place.
 C = Inter-level travel time spent in this place.
 D = Time resting spent in this place.
 E = Time spent auto-exploring this place.
 F = Levels seen in this place.
 G = Mean time per level.
                   A        B        C        D        E       F      G
               +--------+--------+--------+--------+--------+-----+--------+
         Total |   5671 |   5580 |     91 |   1243 |   3344 |   6 |  945.2 |
       Dungeon |   5664 |   5573 |     91 |   1243 |   3344 |   5 | 1132.8 |
        Temple |      6 |      6 |      0 |      0 |      0 |   1 |    6.0 |
               +--------+--------+--------+--------+--------+-----+--------+

Top non-repeatable levels by time:
     D:4: 2110 daAuts
     D:2: 1349 daAuts
     D:1: 1198 daAuts
     D:3: 897 daAuts
     D:5: 109 daAuts
  Temple: 6 daAuts
